 Dungeon Crawl Stone Soup version 0.30-a0-377-g5cb311bc9f (webtiles) character file.

Game seed: 3418099779413785637

363 SmokeWeed the Sneak (level 6, -14/38 HPs)
             Began as an Octopode Fire Elementalist on Nov 28, 2022.
             Demolished by a two-headed ogre
             ... wielding a +0 giant club
              (19 damage)
             ... on level 4 of the Dungeon.
             The game lasted 00:20:26 (3834 turns).

SmokeWeed the Sneak (Octopode Fire Elementalist)    Turns: 3834, Time: 00:20:26

Health: -14/38     AC:  1    Str:  8    XL:     6   Next: 67%
Magic:  4/9        EV: 13    Int: 19    God:
Gold:   254        SH:  0    Dex: 12    Spells: 7/10 levels left

rFire   . . .      SeeInvis .    l - +0 short sword
rCold   . . .      Faith    .    (no shield)
rNeg    . . .      Spirit   .    (helmet restricted)
rPois   .          Reflect  .    (no amulet)
rElec   .          Harm     .    k - ring of willpower
rCorr   .          Rampage  .    (no ring)
Will    +....                    (no ring)
Stlth   ++++......               (no ring)
HPRegen 0.26/turn                (no ring)
MPRegen 0.11/turn                (no ring)
                                 (no ring)
                                 (no ring)

@: brilliant, hasted, very quick
A: almost no armour, amphibious, 8 rings, camouflage 1, gelatinous body 1,
(nimble swimmer 1), tentacles
a: no special abilities


You were on level 4 of the Dungeon.
You visited 1 branch of the dungeon, and saw 4 of its levels.

You collected 254 gold pieces.

Inventory:

Hand Weapons
 e - a +0 dagger
 f - a +0 shortbow
 l - a +0 short sword (weapon)
 m - a +0 long sword
 o - a +0 falchion
Missiles
 c - 3 boomerangs
Magical Staves
 q - a staff of poison
Jewellery
 k - a ring of willpower (left tentacle)
Wands
 r - a wand of iceblast (1)
Scrolls
 s - a scroll of identify
 t - a scroll of teleportation
 u - a scroll of blinking {unknown}
Potions
 a - a potion of magic
 b - a potion of haste
 d - 2 potions of flight
 g - 2 potions of mutation
 h - a potion of degeneration
 i - 2 potions of lignification
 j - a potion of berserk rage {unknown}
 n - a potion of invisibility {unknown}


   Skills:
 + Level 1.6 Fighting
 + Level 1.0 Short Blades
 + Level 3.5 Ranged Weapons
 + Level 2.5 Dodging
 + Level 4.7 Stealth
 + Level 0.1 Unarmed Combat
 + Level 2.6 Spellcasting
 + Level 1.6 Conjurations
 + Level 3.8 Fire Magic


You had 7 spell levels left.
You knew the following spells:

 Your Spells              Type           Power      Damage    Failure   Level
a - Foxfire               Conj/Fire      76%        2x1d7     5%          1
b - Scorch                Fire           50%        2d7       4%          2

Your spell library contained the following spells:

 Spells                   Type           Power      Damage    Failure   Level
 Inner Flame              Hex/Fire       14%        N/A       22%         3
 Kindle Blastsparks       Fire/Tloc/Air  22%        2d11      28%         3
 Flame Wave               Conj/Fire      19%        2d7       45%         4
 Fireball                 Conj/Fire      9%         3d6       82%         5
 Olgreb's Toxic Radiance  Pois           3%         N/A       85%         4
 Starburst                Conj/Fire      9%         6d5       100%        6
 Ozocubu's Refrigeration  Ice            1%         4d7       100%        7
 Ignition                 Fire           12%        3d6       100%        8


Dungeon Overview and Level Annotations

Branches:
Dungeon (4/15)
 Temple: D:4-7

Altars:
Cheibriados


Innate Abilities, Weirdness & Mutations

You cannot wear most types of armour.
You are amphibious.
You can wear up to eight rings at the same time.
Your skin changes colour to match your surroundings (Stealth+).
Your rubbery body absorbs attacks. (AC +1, EV +1)
((You are camouflaged when in or above water. (Stealth+)))
You have tentacles for arms and can constrict up to eight enemies at once.


Message History

A two-headed ogre comes into view. It is wielding two +0 giant clubs.
The jackal bites you.
You feel clever all of a sudden. The jackal closely misses you.
The jackal misses you.
You feel yourself speed up. The jackal barely misses you.
Casting: Foxfire (safe; 5% risk of failure)
Confirm with . or Enter, or press ? or * to list all spells.
You feel a surge of power!
Flames lash the jackal.
You kill the jackal!
Casting: Scorch (safe; 4% risk of failure)
Confirm with . or Enter, or press ? or * to list all spells.
You feel a surge of power!
Flames lash the ball python.
You kill the ball python!
You see here a jackal corpse.
Casting: Scorch (safe; 4% risk of failure)
Confirm with . or Enter, or press ? or * to list all spells.
You feel a surge of power!
Flames lash the two-headed ogre.
The two-headed ogre is lightly wounded.
The two-headed ogre's fire resistance burns away.
Casting: Scorch (safe; 4% risk of failure)
Confirm with . or Enter, or press ? or * to list all spells.
You feel a surge of power!
Flames lash the two-headed ogre.
The two-headed ogre is burned terribly!
The two-headed ogre is moderately wounded.
Casting: Scorch (safe; 4% risk of failure)
Confirm with . or Enter, or press ? or * to list all spells.
You feel a surge of power!
Flames lash the two-headed ogre.
The two-headed ogre is burned terribly!
The two-headed ogre is moderately wounded.
Casting: Scorch (safe; 4% risk of failure)
Confirm with . or Enter, or press ? or * to list all spells.
You feel a surge of power!
Flames lash the two-headed ogre.
The two-headed ogre is burned terribly!
The two-headed ogre is heavily wounded.
The two-headed ogre hits you with a +0 giant club!!
Ouch! That really hurt!
* * * LOW HITPOINT WARNING * * *
The two-headed ogre hits you with a +0 giant club!!
Ouch! That really hurt!
You die...

#...##......### #
#...##.####'##
#<#####...##.#.....#
#.........##.#.$...#
#.........'........#
#.........##.####..#
#######......# ##.#
###...#### .#
#.@.### .# #O### Y#
#.# #.# .. #.# .#
#.##.# #.#..# .
#.#.$ #..
#.#S####O..#


You could see a two-headed ogre (combustible).

Vanquished Creatures
  A necrophage (D:4)
  A vampire bat (D:4)
  A jelly (D:4)
  2 iguanas (D:4)
  Jessica (D:2)
  3 gnolls (D:2)
  5 adders
  5 orcs (D:3)
  4 ball pythons
  4 endoplasms
  4 giant cockroaches
  6 goblins
  2 hobgoblins (D:3)
  A jackal (D:4)
  A quokka (D:3)
  17 bats
  A frilled lizard (D:1)
  6 kobolds
  7 rats
  A spectral goblin (D:1)
73 creatures vanquished.

Vanquished Creatures (others)
  71 foxfires
71 creatures vanquished.

Grand Total: 144 creatures vanquished

Notes
Turn   | Place    | Note
-------+----------+-------------------------------------------
     0 | D:1      | SmokeWeed the Octopode Fire Elementalist began the quest
                  | for the Orb.
     0 | D:1      | Reached XP level 1. HP: 11/11 MP: 3/3
   299 | D:1      | Reached XP level 2. HP: 7/17 MP: 1/5
   353 | D:1      | Found a faded altar of an unknown god.
   579 | D:1      | Reached skill level 3 in Stealth
  1057 | D:2      | Reached skill level 1 in Ranged Weapons
  1057 | D:2      | Reached XP level 3. HP: 22/22 MP: 6/6
  1263 | D:2      | Noticed Jessica
  1290 | D:2      | Killed Jessica
  1291 | D:2      | Reached skill level 1 in Fighting
  1291 | D:2      | Reached XP level 4. HP: 3/28 MP: 3/7
  1843 | D:3      | Reached XP level 5. HP: 33/33 MP: 6/8
  1886 | D:3      | Found a snail-covered altar of Cheibriados.
  2235 | D:3      | Learned a level 2 spell: Scorch
  3359 | D:4      | Reached skill level 4 in Stealth
  3360 | D:4      | Reached XP level 6. HP: 34/38 MP: 3/9
  3710 | D:4      | Reached skill level 1 in Short Blades
  3776 | D:4      | Noticed an ice beast
  3810 | D:4      | Noticed a two-headed ogre
  3834 | D:4      | Demolished by a two-headed ogre

Illustrated notes

Levels and vault maps discovered:
D:1:      ebering_hopf_link, layout_loops_ring,
          dreamdust_ecumenical_altar_drowned_temple, dreamdust_wishing_well
D:2:      layout_loops_cross, minmay_vboxes, uniq_jessica
D:3:      layout_loops_corners, mainiacjoe_overflow_cross_hatched,
          hangedman_decor_diamond_cutter
D:4:      minmay_evil_eye, layout_basic, grunt_ministairs_1, roderic_batcave,
          uniq_crazy_yiuf_cottage

Skill      XL: |  1  2  3  4  5  6 |
---------------+-------------------+-----
Stealth        | 3 4 |  4.7
Ranged Weapons | 1 2 3 |  3.5
Fighting       | 1 |  1.6
Short Blades   | 1 |  1.0
Dodging        | |  2.5
Unarmed Combat | |  0.1
Spellcasting   | |  2.6
Conjurations   | |  1.6
Fire Magic     | |  3.8

Action                   |  1- 3 |  4- 6 || total
-------------------------+-------+-------++-------
Melee: Unarmed           |    14 |       ||    14
       Constrict         |     5 |    11 ||    16
       Tentacles         |     3 |     7 ||    10
       Dagger            |    10 |       ||    10
       Short sword       |       |    40 ||    40
 Fire: Shortbow          |    40 |    44 ||    84
 Cast: Foxfire           |    26 |    27 ||    53
       Scorch            |       |     9 ||     9
Evoke: Wand              |       |     2 ||     2
  Use: Scroll            |     5 |     3 ||     8
       Potion            |       |     3 ||     3
 Stab: Sleeping          |     5 |     5 ||    10
Armor: Skin              |    13 |    11 ||    24
Dodge: Dodged            |    50 |    67 ||   117

Table legend: (Time is in decaauts)
 A = Elapsed time spent in this place.
 B = Non-inter-level travel time spent in this place.
 C = Inter-level travel time spent in this place.
 D = Time resting spent in this place.
 E = Time spent auto-exploring this place.
 F = Levels seen in this place.
 G = Mean time per level.
                   A        B        C        D        E       F      G
               +--------+--------+--------+--------+--------+-----+--------+
         Total |   3840 |   3586 |    254 |    421 |   2515 |   4 |  960.0 |
       Dungeon |   3840 |   3586 |    254 |    421 |   2515 |   4 |  960.0 |
               +--------+--------+--------+--------+--------+-----+--------+

Top non-repeatable levels by time:
     D:3: 1407 daAuts
     D:2: 1025 daAuts
     D:1: 821 daAuts
     D:4: 586 daAuts
